 Dungeon Crawl Stone Soup version 0.20.1-1-g8b1a95d (webtiles) character file.

53998 Golfball the Blocker (level 14, -13/82 HPs)
             Began as a Gargoyle Fighter on Dec 7, 2017.
             Was the Champion of Okawaru.
             Mangled by a reaper
             ... wielding a +2 scythe of flaming
              (18 damage)
             ... on level 2 of the Abyss.
             The game lasted 01:27:08 (16105 turns).

Golfball the Blocker (Gargoyle Fighter)            Turns: 16105, Time: 01:27:09

Health: -13/82     AC: 38    Str: 26    XL:     14   Next: 70%
Magic:  22/22      EV: 11    Int:  8    God:    Okawaru [******]
Gold:   1141       SH: 13    Dex: 15    Spells: 13/13 levels left

rFire    . . .     SeeInvis .   a - +11 morningstar of Law {flame, +Fly rC+ Dex+4}
rCold    + . .     Gourm    .   c - +0 shield
rNeg     + + +     Faith    .   N - +1 crystal plate armour
rPois    ∞         Spirit   .   G - +0 hat of Yfiu {rN+}
rElec    +         Reflect  .   P - +2 cloak
rCorr    .         Harm     .   Z - +2 pair of gloves
MR       +....                  (no boots)
Stlth    ..........             k - amulet of regeneration
Regen    0.7/turn               O - +3 ring of evasion
MPRegen  0.2/turn               Q - ring of positive energy

@: flying
A: big wings, agile 1, negative energy resistance 1, electricity resistance,
unbreathing, petrification resistance, rot immunity, AC +9
a: Stop Flying, Heroism, Finesse, Renounce Religion


You were on level 2 of the Abyss.
You worshipped Okawaru.
Okawaru was exalted by your worship.
You were not hungry.

You visited 6 branches of the dungeon, and saw 21 of its levels.
You visited the Abyss 1 time.
You also visited: Ossuary.

You collected 1743 gold pieces.
You spent 602 gold pieces at shops.

Inventory:

Hand Weapons
 a - the +11 morningstar of Law (weapon) {flame, +Fly rC+ Dex+4}
   (Okawaru gifted it to you on level 10 of the Dungeon)

   It has been specially enchanted to burn those struck by it, causing extra
   injury to most foes and up to half again as much damage against particularly
   susceptible opponents.
   It affects your dexterity (+4).
   It protects you from cold.
   It lets you fly.
 q - a +2 flail of holy wrath
Missiles
 e - 4 steel tomahawks (quivered)
Armour
 c - a +0 shield (worn)
 G - the +0 hat of Yfiu (worn) {rN+}
   (You acquired it on level 7 of the Dungeon)

   It protects you from negative energy.
 N - a +1 crystal plate armour (worn)
 P - a +2 cloak (worn)
 W - a +3 ring mail of fire resistance
 X - the +0 chain mail of Kurafad {+Inv rC+++ Int-5 Dex-4}
   (Okawaru gifted it to you on level 1 of the Lair of Beasts)

   It affects your intelligence (-5).
   It affects your dexterity (-4).
   It renders you almost immune to cold.
   It lets you turn invisible.
 Z - a +2 pair of gloves (worn)
Jewellery
 k - an amulet of regeneration (around neck)
 l - an uncursed ring of protection from magic
 O - a +3 ring of evasion (left hand)
 Q - a ring of positive energy (right hand)
Wands
 o - a wand of paralysis (9/24)
 r - a wand of acid (9/15)
 t - a wand of lightning (10/15)
 y - a wand of digging (14/24)
 z - a wand of paralysis (5/24)
 F - a wand of paralysis (12/24)
 I - a wand of digging (11/24)
 M - a wand of flame (6/48)
 R - a wand of lightning (10/15)
 V - a wand of lightning (8/15)
Scrolls
 g - 7 scrolls of recharging
 A - 12 scrolls of teleportation
 C - 13 scrolls of remove curse
 E - 2 scrolls of enchant weapon
 H - 10 scrolls of identify
 K - 2 scrolls of magic mapping
 L - 3 scrolls of enchant armour
 T - a scroll of acquirement
Potions
 i - 2 potions of heal wounds
 j - 5 potions of flight
 m - 4 potions of mutation
 n - 3 potions of magic
 p - 3 potions of agility
 u - 3 potions of ambrosia
 v - 6 potions of curing
 w - a potion of haste
 B - a potion of cancellation
 D - 5 potions of lignification
 J - 2 potions of resistance
 U - a potion of brilliance
Comestibles
 b - 2 chunks of flesh
 d - 8 meat rations
 f - 12 bread rations
 h - a fruit
 s - 11 royal jellies


   Skills:
 - Level 7.0 Fighting
 - Level 10.0 Maces & Flails
 - Level 11.0 Armour
 + Level 7.8 Dodging
 + Level 12.1 Shields
 - Level 10.6 Invocations
 - Level 11.0 Evocations


You had 13 spell levels left.
You didn't know any spells.

Dungeon Overview and Level Annotations

Branches:
Dungeon (11/15)            Temple (1/1) D:5            Lair (4/6) D:11
 Shoals (2/4) Lair:4       Spider (1/4) Lair:4          Orc (2/2) D:11
    Elf (0/3) Orc:2

Altars:
Ashenzari
Cheibriados
Dithmenos
Elyvilon
Fedhas
Gozag
Hepliaklqana
Kikubaaqudgha
Makhleb
Nemelex Xobeh
Okawaru
Qazlal
Ru
Sif Muna
Trog
Uskayaw
Vehumet
Xom
Yredelemnul
Zin
The Shining One
Beogh
Jiyva

Shops:
D:5 ?   D:7 *   Orc:1 ?   Orc:2 (?([:

Portals:
Trove: D:10 (give 2 scrolls of acquirement)

Annotations:
D:9 1 transporter
Shoals:2 Louise


Innate Abilities, Weirdness & Mutations

You are resistant to torment.
Your stone body is resilient. (AC +9)
You are immune to poison.
Your large and strong wings let you fly indefinitely.
You resist negative energy. (rN+)
You are resistant to electric shocks. (rElec)
You can survive without breathing.
You are immune to petrification.
You are immune to rotting.
You are agile. (Dex +2)


Message History

Okawaru accepts your kill.
The reaper hits you with a scythe of flaming!!!
* * * LOW HITPOINT WARNING * * *
The reaper burns you!
* * * LOW HITPOINT WARNING * * *
You barely miss the reaper.
Unknown command.
You impale the reaper!! You burn the reaper!
The reaper is moderately wounded.
You block the reaper's attack.
You sock the reaper! You burn the reaper.
The reaper is heavily wounded.
The reaper shouts, "You must die NOW!"
You block the reaper's attack.
You closely miss the reaper.
The reaper is heavily wounded.
You hit the reaper. You burn the reaper.
The reaper is severely wounded.
The reaper hits you with a scythe of flaming!!
You die...

# # . §# ##.#.#
§§§§.### #
≈.≈...###§§§#. #.
...... ...≈.§§ # .
.#≈#####..≈§≈..# #
.
.#≈.≈.....≈§§§§..#
≈#. ≈#≈≈..#†.§§...§
≈≈ #≈≈≈≈††#@2§.§ .
≈.≈≈
≈≈≈≈≈≈≈....:.§.
.≈.≈≈≈≈≈≈≈#.§≈≈.#.#
##..≈≈.≈≈≈≈≈§§.§#.#
#.≈≈≈≈≈≈≈≈≈§§..##..
#..≈≈≈≈≈≈.#≈≈.#§.#.
......≈≈≈≈≈#≈.≈_#§#
... ##.≈≈§###.≈.# .
.#≈ .≈≈≈ #


You could see a reaper.

Vanquished Creatures
  Aizul (Shoals:1)
  An orc warlord (Orc:2)
  3 merfolk javelineers
  Snorg (D:10)
  4 merfolk impalers
  3 ogre magi (Orc:2)
  Erolcha (D:10)
  2 merfolk avatars (Shoals:2)
  4 hydras
  2 death yaks (Lair:4)
  An alligator snapping turtle (Shoals:1)
  A merfolk aquamancer (Shoals:1)
  An orc high priest (Orc:2)
  Sonja (Lair:1)
  Nergalle (Lair:4)
  6 sea snakes
  9 orc sorcerers (Orc:2)
  3 manticores
  A wolf spider (Spider:1)
  A cyclops (D:11)
  Maurice (D:9)
  A black mamba (Lair:1)
  A torpor snail (Lair:4)
  Psyche (D:8)
  11 spiny frogs
  3 komodo dragons
  3 rime drakes (Lair:4)
  A kobold demonologist (D:11)
  4 trolls
  5 merfolk
  Prince Ribbit (D:7)
  4 wind drakes
  9 blink frogs (Lair:4)
  Grinder (D:3)
  Sigmund (D:4)
  9 hippogriffs
  24 yaks
  A human (D:7)
  2 water elementals (Shoals:1)
  3 hogs (D:7)
  Grum (D:9)
  3 basilisks
  A steam dragon (D:11)
  The ghost of bande the Shield-Bearer, an amateur GrFi (D:4)
  A warg (Orc:2)
  Menkaure (D:7)
  4 hell hounds (Abyss:2)
  6 water moccasins
  12 orc warriors
  3 ice beasts
  3 porcupines
  2 sky beasts
  A necrophage (D:10)
  2 phantoms
  6 ogres
  6 wolves
  3 centaurs
  2 crocodiles (Lair:2)
  Blork the orc (D:5)
  2 big kobolds
  10 bullfrogs
  A wyvern zombie (D:7)
  A water moccasin zombie (D:8)
  5 scorpions
  3 killer bees (D:11)
  3 electric eels
  4 crimson imps
  A jelly (D:10)
  2 quasits
  A bullfrog zombie (D:10)
  4 hounds
  Crazy Yiuf (D:2)
  Ijyb (D:3)
  10 orc priests
  33 orc wizards
  2 bullfrog skeletons
  Jessica (D:2)
  A centaur skeleton (D:5)
  Natasha (D:4)
  4 iguanas
  2 worker ants
  A big kobold zombie (Ossuary)
  2 mummies (Ossuary)
  3 worker ant zombies
  11 gnolls
  16 adders
  A howler monkey skeleton (D:7)
  A shadow imp (D:6)
  3 worms
  2 dart slugs (D:1)
  6 leopard geckos
  77 orcs
  2 giant cockroaches
  13 goblins
  5 hobgoblins
  13 jackals
  19 kobolds
  6 quokkas
  2 ball pythons
  7 bats
  3 frilled lizards
  4 goblin zombies
  5 kobold zombies (Ossuary)
  3 leopard gecko skeletons
  A quokka skeleton (D:8)
  A quokka zombie (D:5)
  5 rats
  A plant (Lair:2)
498 creatures vanquished.

Notes
Turn   | Place    | Note
-------+----------+-------------------------------------------
     0 | D:1      | Golfball the Gargoyle Fighter began the quest for the Orb.
     0 | D:1      | Reached XP level 1. HP: 14/14 MP: 1/1
   114 | D:1      | Reached XP level 2. HP: 19/19 MP: 2/2
   546 | D:1      | Reached XP level 3. HP: 23/23 MP: 3/3
  1059 | D:1      | Reached XP level 4. HP: 21/28 MP: 4/4
  1264 | D:2      | Noticed Jessica
  1292 | D:2      | Killed Jessica
  1341 | D:2      | Reached skill level 5 in Maces & Flails
  1423 | D:2      | Reached XP level 5. HP: 32/32 MP: 5/5
  1561 | D:2      | Found a runed door.
  1565 | D:2      | Noticed Crazy Yiuf
  1571 | D:2      | Killed Crazy Yiuf
  2130 | D:3      | Found a white marble altar of Elyvilon.
  2471 | D:4      | Noticed Sigmund
  2521 | D:4      | Noticed Ijyb
  2565 | D:3      | Reached XP level 6. HP: 34/37 MP: 6/6
  2573 | D:4      | Noticed Grinder
  2578 | D:3      | Killed Ijyb
  2640 | D:4      | Noticed bande's ghost (amateur GrFi)
  2665 | D:4      | Killed bande's ghost
  2667 | D:4      | Paralysed by Grinder for 2 turns
  2759 | D:3      | Paralysed by Grinder for 2 turns
  2765 | D:3      | Killed Grinder
  2765 | D:3      | Reached XP level 7. HP: 30/41 MP: 7/7
  2827 | D:4      | Killed Sigmund
  2951 | D:4      | Noticed Natasha
  2956 | D:4      | Killed Natasha
  3010 | D:4      | Reached XP level 8. HP: 46/46 MP: 8/8
  3267 | D:5      | Entered Level 5 of the Dungeon
  3417 | D:5      | Found a staircase to the Ecumenical Temple.
  3489 | Temple   | Entered the Ecumenical Temple
  3590 | Temple   | Became a worshipper of Warmaster Okawaru
  3844 | D:5      | Noticed Blork the orc
  3855 | D:5      | Killed Blork the orc
  3936 | D:5      | Found a shimmering altar of Xom.
  4016 | D:5      | Found Bonwamos's Magic Scroll Shoppe.
  4022 | D:5      | Bought a scroll of remove curse for 42 gold pieces
  4022 | D:5      | Bought a scroll of magic mapping for 49 gold pieces
  4022 | D:5      | Bought a scroll of identify for 28 gold pieces
  4022 | D:5      | Bought a scroll of identify for 28 gold pieces
  4022 | D:5      | Bought a scroll of enchant weapon for 105 gold pieces
  4022 | D:5      | Bought a scroll of identify for 28 gold pieces
  4032 | D:5      | Reached skill level 10 in Maces & Flails
  4156 | D:6      | Reached skill level 1 in Invocations
  4173 | D:6      | Reached * piety under Okawaru
  4351 | D:6      | Reached skill level 5 in Fighting
  4351 | D:6      | Reached XP level 9. HP: 37/54 MP: 11/11
  4516 | D:6      | Reached skill level 4 in Shields
  4519 | D:6      | Gained mutation: You are agile. (Dex +2) [mutagenic meat]
  4621 | D:6      | Found a white marble altar of Elyvilon.
  4747 | D:7      | Reached skill level 5 in Invocations
  4754 | D:7      | Found a sand-covered staircase.
  4764 | D:7      | Reached ** piety under Okawaru
  4786 | Ossuary  | Entered an ossuary
  5103 | D:7      | Noticed Menkaure
  5113 | D:7      | Killed Menkaure
  5113 | D:7      | Reached skill level 5 in Shields
  5295 | D:7      | Reached skill level 6 in Shields
  5315 | D:7      | Reached XP level 10. HP: 21/59 MP: 15/15
  5414 | D:7      | Identified a scroll of acquirement
  5415 | D:7      | Got a bloodstained hat
  5421 | D:7      | Identified the +0 hat of Yfiu {rN+} (You acquired it on level 7 of the Dungeon)
  5472 | D:7      | Reached skill level 7 in Shields
  5484 | D:7      | Noticed Prince Ribbit
  5502 | D:7      | Found Quodi's General Store.
  5502 | D:7      | Killed Prince Ribbit
  5502 | D:7      | Reached *** piety under Okawaru
  5519 | D:7      | Bought a potion of curing for 42 gold pieces
  5519 | D:7      | Bought a scroll of identify for 28 gold pieces
  6030 | D:8      | Noticed Psyche
  6038 | D:8      | Killed Psyche
  6048 | D:8      | Reached skill level 8 in Shields
  6376 | D:8      | Reached **** piety under Okawaru
  7037 | D:9      | Noticed Maurice
  7144 | D:9      | Reached skill level 9 in Shields
  7233 | D:9      | Found a transporter.
  7269 | D:9      | Killed Maurice
  7289 | D:9      | Noticed Grum
  7322 | D:9      | Killed Grum
  7337 | D:9      | Found a viscous altar of Jiyva.
  7485 | D:9      | Reached skill level 10 in Invocations
  7493 | D:9      | Reached XP level 11. HP: 43/64 MP: 18/18
  7726 | D:10     | Entered Level 10 of the Dungeon
  7739 | D:10     | Noticed Erolcha
  7750 | D:10     | Killed Erolcha
  7750 | D:10     | Reached skill level 10 in Shields
  7872 | D:10     | Reached ***** piety under Okawaru
  7879 | D:10     | Reached skill level 1 in Dodging
  8059 | D:10     | Noticed Snorg
  8090 | D:10     | Killed Snorg
  8090 | D:10     | Reached skill level 5 in Armour
  8217 | D:10     | Found a portal to a secret trove of treasure.
  8436 | D:10     | Received a gift from Okawaru
  8439 | D:10     | Got a polished morningstar {god gift}
  8440 | D:10     | Identified the +11 morningstar of Law {flame, +Fly rC+ Dex+4} (Okawaru gifted it to you on level 10 of the Dungeon)
  8773 | D:11     | Found a staircase to the Orcish Mines.
  8841 | D:11     | Noticed a manticore
  8849 | D:11     | Killed a manticore
  8903 | D:11     | Noticed a cyclops
  8916 | D:11     | Killed a cyclops
  8944 | D:11     | Found a staircase to the Lair.
  8952 | D:11     | Got a black opal-encrusted leather armour
  8953 | D:11     | Identified the +2 leather armour "Ritrinig" {*Slow +Blink Int+7} (You found it on level 11 of the Dungeon)
  9452 | D:11     | Noticed an eight-headed hydra
  9457 | D:11     | Killed an eight-headed hydra
  9457 | D:11     | Reached skill level 1 in Evocations
  9463 | D:11     | Reached skill level 5 in Dodging
  9463 | D:11     | Reached XP level 12. HP: 62/68 MP: 19/19
  9513 | Orc:1    | Entered Level 1 of the Orcish Mines
  9660 | Orc:2    | Entered Level 2 of the Orcish Mines
  9660 | Orc:2    | Found a staircase to the Elven Halls.
  9679 | Orc:2    | Found Xacsu's Antique Weapon Shop.
  9743 | Orc:2    | Found a roughly hewn altar of Beogh.
  9834 | Orc:2    | Noticed an orc high priest
  9854 | Orc:2    | Killed an orc high priest
  9991 | Orc:1    | Found Natyb's Magic Scroll Shop.
  9994 | Orc:1    | Bought a scroll of enchant armour for 90 gold pieces
  9994 | Orc:1    | Bought a scroll of enchant weapon for 90 gold pieces
  9994 | Orc:1    | Bought 3 scrolls of identify for 72 gold pieces
 10171 | Orc:1    | You fall through a shaft!
 10171 | Orc:2    | Found a roughly hewn altar of Beogh.
 10182 | Orc:2    | Received a gift from Okawaru
 10611 | Orc:2    | Noticed an orc warlord
 10619 | Orc:2    | Killed an orc warlord
 10626 | Orc:2    | Paralysed by an orc sorcerer for 4 turns
 10628 | Orc:2    | Noticed a sun demon
 10887 | Orc:2    | Reached skill level 5 in Evocations
 10890 | Orc:2    | Noticed an ogre mage
 10890 | Orc:2    | Paralysed by an ogre mage for 7 turns
 10892 | Orc:2    | Noticed a sun demon
 11104 | Orc:2    | Paralysed by an ogre mage for 7 turns
 11112 | Orc:2    | Killed an ogre mage
 11192 | Orc:2    | Noticed an ogre mage
 11220 | Orc:2    | Killed an ogre mage
 11226 | Orc:2    | Paralysed by an orc sorcerer for 7 turns
 11279 | Orc:2    | Found a radiant altar of Vehumet.
 11280 | Orc:2    | Noticed an ogre mage
 11379 | Orc:2    | Killed an ogre mage
 11463 | Orc:2    | Noticed a sun demon
 11483 | Orc:2    | Paralysed by an orc sorcerer for 2 turns
 11533 | Orc:2    | Found an ancient bone altar of Kikubaaqudgha.
 11569 | Orc:2    | Found Jipiruw's Book Shoppe.
 11598 | Orc:2    | Noticed a sun demon
 11599 | Orc:2    | Paralysed by an orc sorcerer for 2 turns
 11622 | Orc:2    | Noticed a sun demon
 11629 | Orc:2    | Found a roughly hewn altar of Beogh.
 11629 | Orc:2    | Found Vuqil's Antique Armour Emporium.
 11630 | Orc:2    | Noticed a sun demon
 11638 | Orc:2    | Noticed a soul eater
 11659 | Orc:2    | Reached XP level 13. HP: 41/72 MP: 20/20
 11732 | Orc:2    | Paralysed by an orc sorcerer for 3 turns
 11736 | Orc:2    | Found Itoy's Antique Weapon Shoppe.
 11741 | Orc:2    | Found Lebarufa's Magic Scroll Shoppe.
 12068 | Lair:1   | Entered Level 1 of the Lair of Beasts
 12233 | Lair:1   | Noticed Sonja
 12242 | Lair:1   | Killed Sonja
 12262 | Lair:1   | Received a gift from Okawaru
 12265 | Lair:1   | Got an encrusted chain mail {god gift}
 12276 | Lair:1   | Identified the +0 chain mail of Kurafad {+Inv rC+++ Int-5 Dex-4} (Okawaru gifted it to you on level 1 of the Lair of Beasts)
 12361 | Lair:1   | Reached ****** piety under Okawaru
 13382 | Lair:3   | Reached skill level 10 in Armour
 14230 | Lair:4   | Found a staircase to the Shoals.
 14231 | Lair:4   | Found a hole to the Spider Nest.
 14561 | Lair:4   | Noticed Nergalle
 14575 | Lair:4   | Killed Nergalle
 14575 | Lair:4   | Received a gift from Okawaru
 14575 | Lair:4   | Reached skill level 10 in Evocations
 14575 | Lair:4   | Gained mutation: Your large and strong wings let you fly indefinitely. [Gargoyle growth]
 14575 | Lair:4   | Reached XP level 14. HP: 80/80 MP: 21/21
 14895 | Shoals:1 | Entered Level 1 of the Shoals
 14996 | Spider:1 | Entered Level 1 of the Spider Nest
 15310 | Shoals:1 | Reached skill level 11 in Shields
 15318 | Shoals:1 | Received a gift from Okawaru
 15322 | Shoals:1 | Got a pair of distressingly furry gloves {god gift}
 15333 | Shoals:1 | Identified the -6 pair of gloves of Okawaru's Reproof {rN+ Str+8 Int-5} (Okawaru gifted it to you on level 1 of the Shoals)
 15855 | Shoals:2 | Noticed Aizul
 15937 | Shoals:1 | Killed Aizul
 16030 | Shoals:2 | Noticed Louise
 16033 | Shoals:2 | Reached skill level 12 in Shields
 16043 | Shoals:2 | Cast into level 2 of the Abyss (Louise)
 16061 | Abyss:2  | Found a corrupted altar of Lugonu.
 16096 | Abyss:2  | Noticed a reaper
 16100 | Abyss:2  | HP: 1/82 [reaper/scythe of flaming (17)]
 16105 | Abyss:2  | Mangled by a reaper

Skill      XL: |  1  2  3  4  5  6  7  8  9 10 11 12 13 14 |
---------------+-------------------------------------------+-----
Maces & Flails | 3 4 5 6 7 9 10 | 10.0
Invocations    | 3 7 10 | 10.6
Fighting       | 5 6 7 |  7.0
Shields        | 6 9 10 12 | 12.1
Dodging        | 5 7 |  7.8
Armour         | 7 8 11 | 11.0
Evocations     | 2 7 10 11 | 11.0

Action                   |  1- 3 |  4- 6 |  7- 9 | 10-12 | 13-15 || total
-------------------------+-------+-------+-------+-------+-------++-------
Melee: Flail             |   147 |   146 |   259 |   490 |       ||  1042
       Quarterstaff      |       |    26 |       |       |       ||    26
       Morningstar       |       |       |       |   282 |   489 ||   771
Invok: Heroism           |       |       |     1 |     6 |     2 ||     9
 Abil: Fly               |       |       |       |       |     1 ||     1
Evoke: Wand              |       |       |       |     7 |     2 ||     9
  Use: Scroll            |       |     8 |    18 |    11 |     1 ||    38
       Potion            |       |     1 |       |     2 |     5 ||     8
 Stab: Paralysed         |       |       |       |       |     2 ||     2
       Confused          |       |       |       |       |     1 ||     1
  Eat: Chunk             |     1 |     6 |     9 |    20 |    11 ||    47
       Fruit             |       |       |       |     1 |     5 ||     6
Armor: Scale mail        |    97 |    87 |   122 |   258 |       ||   564
       Leather armour    |       |    15 |     2 |       |       ||    17
       Ring mail         |       |       |       |    70 |    11 ||    81
       Chain mail        |       |       |       |       |   110 ||   110
       Crystal plate arm |       |       |       |       |   239 ||   239
Dodge: Dodged            |    61 |    85 |    75 |   288 |   255 ||   764
Block: Shield            |    99 |    39 |       |   429 |   386 ||   953
